 Dungeon Crawl Stone Soup version 0.22.1 (webtiles) character file.

376 Bugsquash the Slinger (level 6, -3/32 HPs)
             Began as a Spriggan Hunter on Sept 17, 2018.
             Killed by divine providence
             ... invoked by an orc priest
              (17 damage)
             ... on level 4 of the Dungeon.
             The game lasted 00:04:53 (4103 turns).

Bugsquash the Slinger (Spriggan Hunter)             Turns: 4103, Time: 00:04:55

Health: -3/32      AC:  3    Str:  8    XL:     6   Next: 44%
Magic:  7/7        EV: 19    Int: 12    God:
Gold:   127        SH:  0    Dex: 19    Spells: 5/5 levels left

rFire    + . .     SeeInvis +   a - +1 hunting sling
rCold    x . .     Gourm    .   (shield restricted)
rNeg     . . .     Faith    .   c - +0 robe
rPois    .         Spirit   .   (helmet restricted)
rElec    .         Reflect  .   u - +0 cloak (curse)
rCorr    .         Harm     .   (gloves unavailable)
MR       +....                  (boots unavailable)
Stlth    ++........             (no amulet)
HPRegen  0.10/turn              x - ring of fire
MPRegen  0.10/turn              (no ring)

@: slowed, quick
A: very small, unfitting armour, see invisible, herbivore, speed 3, slow
metabolism 2
a: no special abilities


You were on level 4 of the Dungeon.
You were not hungry.

You visited 1 branch of the dungeon, and saw 4 of its levels.

You collected 127 gold pieces.

Inventory:

Hand Weapons
 a - a +1 hunting sling (weapon)
 b - a +0 short sword
Missiles
 d - 48 sling bullets
 e - 10 stones (quivered)
Armour
 c - a +0 robe (worn)
 u - a cursed +0 cloak (worn)
Jewellery
 x - a ring of fire (left hand)
Scrolls
 h - 2 scrolls of fear {unknown}
 k - 2 scrolls of teleportation {unknown}
 n - a scroll of enchant armour {unknown}
 s - a scroll of amnesia {unknown}
 t - a scroll of identify {unknown}
 v - 2 scrolls of enchant weapon {unknown}
 w - 3 scrolls of fog {unknown}
Potions
 g - a potion of heal wounds {unknown}
 i - 2 potions of haste {unknown}
 j - 2 potions of invisibility
 l - 2 potions of mutation {unknown}
 m - a potion of might {unknown}
 o - a potion of brilliance {unknown}
 p - a potion of cancellation {unknown}
 q - a potion of magic {unknown}
 r - a potion of curing {unknown}
Comestibles
 f - 4 rations


   Skills:
 + Level 2.9 Fighting
 + Level 8.5 Slings
 + Level 3.4 Dodging
 - Level 1.5 Stealth


You had 5 spell levels left.
You didn't know any spells.
Your spell library was empty.

Dungeon Overview and Level Annotations

Branches:
Dungeon (4/15)
 Temple: D:4-7

Altars:
Ru
Wu Jian
Yredelemnul

Annotations:
D:2 exclusion: downstairs
D:3 exclusion: downstairs


Innate Abilities, Weirdness & Mutations

You are very small and have problems with some larger weapons.
You are too small for most types of armour.
You have supernaturally acute eyesight. (SInv)
You are a herbivore.
You cover ground extremely quickly.
You need to consume almost no food.


Message History

The orc wizard is almost dead.
The orc wizard points at you and mumbles some strange words.
You feel yourself slow down.
Firing (i - inventory. (/) - cycle)
e - 12 stones (quivered)
Press: ? - help, Shift-Dir - straight line, f/p - orc wizard
Aim: an orc wizard, wielding a dagger and wearing a robe (almost dead, fast)
You shoot a stone. The stone hits the orc wizard.
You kill the orc wizard!
The orc barely misses you.
Firing (i - inventory. (/) - cycle)
e - 11 stones (quivered)
Press: ? - help, Shift-Dir - straight line, f - orc priest
Aim: an orc priest, wielding a hand axe and wearing a chain mail You shoot a stone.
The stone hits the orc priest.
The orc priest is lightly wounded.
The orc priest hits you with a hand axe.
The orc barely misses you.
The orc priest calls down the wrath of Beogh upon you.
Beogh smites you!
Ouch! That really hurt!
You die...

........:...# #...#
#.....(.).##
#######.).#
(((...((...#
#<.##.....#
#.#.###.†#.#
#..##.....# #..((#
#).##.....#
##.##(###).##.....#
##>.##.(##.)##.....#
#...##..o#...).....#
#.#.###(o@..<.######
...#.# #.o.....#
.....#.# ####....#
###.. ..# #....# ###
.## #....# . #....#
?. ######


You could see an orc priest and 2 orcs.

Vanquished Creatures
  A phantom (D:4)
  An orc priest (D:3)
  Crazy Yiuf (D:3)
  2 orc wizards
  4 adders
  4 gnolls (D:3)
  An adder skeleton (D:2)
  2 worms (D:2)
  A dart slug (D:2)
  3 leopard geckos
  10 orcs
  2 ball pythons (D:3)
  11 bats
  9 giant cockroaches
  3 goblins
  9 hobgoblins
  3 quokkas (D:3)
  5 frilled lizards
  4 kobolds
  6 rats
82 creatures vanquished.

Vanquished Creatures (others)
  A fungus (D:4)
1 creature vanquished.

Grand Total: 83 creatures vanquished

Notes
Turn   | Place    | Note
-------+----------+-------------------------------------------
     0 | D:1      | Bugsquash the Spriggan Hunter began the quest for the Orb.
     0 | D:1      | Reached XP level 1. HP: 10/10 MP: 2/2
   115 | D:1      | Reached skill level 5 in Slings
   155 | D:1      | Reached XP level 2. HP: 14/14 MP: 3/3
   872 | D:2      | Found an ornate altar of the Wu Jian Council.
  1312 | D:2      | Found a sacrificial altar of Ru.
  1392 | D:2      | Reached XP level 3. HP: 12/18 MP: 4/4
  1496 | D:2      | Reached skill level 6 in Slings
  2185 | D:2      | Reached XP level 4. HP: 15/23 MP: 5/5
  2558 | D:3      | Reached skill level 7 in Slings
  2719 | D:3      | Reached XP level 5. HP: 25/27 MP: 6/6
  3204 | D:3      | Found a basalt altar of Yredelemnul.
  3465 | D:3      | Found a runed door.
  3469 | D:3      | Noticed Crazy Yiuf
  3496 | D:3      | Killed Crazy Yiuf
  3569 | D:4      | Noticed a phantom
  4042 | D:4      | Killed a phantom
  4042 | D:4      | Reached skill level 8 in Slings
  4042 | D:4      | Reached XP level 6. HP: 28/32 MP: 7/7
  4103 | D:4      | Killed from afar by an orc priest

Skill      XL: |  1  2  3  4  5 |
---------------+----------------+-----
Slings         | 5 6 7 8 |  8.5
Fighting       | 2 |  2.9
Dodging        | |  3.4
Stealth        | |  1.5

Action                   |  1- 3 |  4- 6 || total
-------------------------+-------+-------++-------
 Fire: Hunting sling     |   170 |   183 ||   353
Armor: Robe              |     3 |     2 ||     5
Dodge: Dodged            |    30 |    27 ||    57
